 Dungeon Crawl Stone Soup version 0.31-a0-851-g7ff8af7976 (webtiles) character file.

Game seed: 2418591491364148875

2 Kurtz the Sneak (level 1, 11/18 HPs)
             Began as a Mummy Delver on Oct 6, 2023.
             Quit the game on level 5 of the Dungeon.
             The game lasted 00:00:11 (32 turns).

Kurtz the Sneak (Mummy Delver)                        Turns: 32, Time: 00:00:12

Health: 11/18      AC:  3    Str: 15    XL:     1   Next: 25%
Magic:  1/1        EV: 11    Int:  9    God:
Gold:   0          SH:  0    Dex: 13    Spells: 0/0 levels left

rFire   x . .        a - +0 hand axe
rCold   + . .        (no shield)
rNeg    + + +        b - +0 leather armour
rPois   ∞            (no helmet)
rElec   .            (no cloak)
rCorr   .            (no gloves)
SInv    .            (no boots)
Will    .....        (no amulet)
Stlth   ++           (no ring)
HPRegen 0.23/turn    (no ring)
MPRegen 0.07/turn

%: faith
@: no status effects
A: cold resistance 1, negative energy resistance 3, torment resistance 2, heat
vulnerability 1, in touch with death 1, no potions, faith
a: no special abilities


You were on level 5 of the Dungeon.
You visited 1 branch of the dungeon, and saw 1 of its levels.

Inventory:

Hand Weapons
 a - a +0 hand axe (weapon)
Armour
 b - a +0 leather armour (worn)
Wands
 f - a wand of digging (3)
Scrolls
 c - a scroll of fog
 d - a scroll of revelation
 e - a scroll of fear
 g - a scroll of enchant weapon {unknown}


   Skills:
 - Level 3.0 Fighting
 * Level 1.7 Axes
 - Level 1.5 Dodging
 - Level 4.1 Stealth


You couldn't memorise any spells.
You didn't know any spells.
Your spell library was empty.

Dungeon Overview and Level Annotations

Branches:
Dungeon (5/15)
 Temple: D:4-7

Altars:


Innate Abilities, Weirdness & Mutations

You are immune to poison.
Your flesh is cold resistant. (rC+)
You are immune to negative energy. (rN+++)
You are immune to unholy pain and torment.
You are vulnerable to heat. (rF-)
You are in touch with the powers of death.
You do not drink.
You have a special connection with the divine. (Faith)


Message History

Welcome, Kurtz the Mummy Delver.
If you return without finding the Orb of Zot, so far below, it's all over!
Press ? for a list of commands and other information.
Found two stone staircases leading down.
A gnoll comes into view. It is wielding a +0 spear.
Found a scroll of revelation and 8 stones.
A gnoll is nearby!
There is a stone staircase leading down here.
There is a stone staircase leading down here.
Found 6 gold pieces.
Found a scroll labelled USATHI RIAH and a ring mail.
Found 12 gold pieces.
An orc comes into view. It is wielding a +0 heavy trident.
You see here 6 gold pieces.
The orc hits you with a +0 heavy trident!
Ouch! That really hurt!
You hit the orc.
The orc is heavily wounded.
You are too injured to fight recklessly!
You closely miss the orc.
The orc is heavily wounded.
The orc closely misses you.
You are too injured to fight recklessly!
You hit the orc.
You kill the orc!
You are too injured to fight recklessly!
Things that are here:
a +0 heavy trident; a +0 leather armour You are too injured to fight recklessly!
g - a scroll labelled USATHI RIAH An orc comes into view.
It is wielding a +0 club.
The orc shouts!
The orc throws a boomerang.
The boomerang closely misses you.
A gnoll comes into view. It is wielding a +0 flail.
A gnoll comes into view. It is wielding a +0 spear.
An orc comes into view. It is wielding a +0 hand axe.
A gnoll comes into view. It is wielding a +0 spear.
A gnoll comes into view. It is wielding a +0 flail.
Are you sure you want to abandon this character and quit the game? (Confirm with "yes".)

.....#..#######.....#
g...........##>....#
#....g......##>....#
##.#g........##.....#
#.....o.............#
#.$...........#.....#
#.....g......##.....#
#..........##########
#.......o.@.#
#...)..$....#
#######....[# #######


You could see 3 gnolls and 2 orcs.

Vanquished Creatures
  An orc (D:5)
1 creature vanquished.

Notes
Turn   | Place    | Note
-------+----------+-------------------------------------------
     0 | D:5      | Kurtz the Mummy Delver began the quest for the Orb.
     0 | D:5      | Reached XP level 1. HP: 18/18 MP: 1/1
    32 | D:5      | Quit the game

Illustrated notes

Levels and vault maps discovered:
D:5:      layout_rooms

Action                     || total
---------------------------++-------
  Melee: Hand axe          ||     3
 Armour: Leather armour    ||     1
  Dodge: Dodged            ||     2

Table legend: (Time is in decaauts)
 A = Elapsed time spent in this place.
 B = Non-inter-level travel time spent in this place.
 C = Inter-level travel time spent in this place.
 D = Time resting spent in this place.
 E = Time spent auto-exploring this place.
 F = Levels seen in this place.
 G = Mean time per level.
                   A        B        C        D        E       F      G
               +--------+--------+--------+--------+--------+-----+--------+
         Total |     32 |     32 |      0 |      0 |      1 |   1 |   32.0 |
       Dungeon |     32 |     32 |      0 |      0 |      1 |   1 |   32.0 |
               +--------+--------+--------+--------+--------+-----+--------+

Top non-repeatable levels by time:
     D:5: 32 daAuts
